 Dungeon Crawl Stone Soup version 0.31.0-12-g77e489cdc1 (webtiles) character file.

Game seed: 9598234773682126577

3529 monsoonserge the Grappler (level 10, -5/76 HPs)
             Began as a Gnoll Shapeshifter on Mar 4, 2024.
             Was an Initiate of Gozag.
             Slain by a manticore (8 damage)
             ... on level 8 of the Dungeon.
             The game lasted 00:18:50 (6119 turns).

monsoonserge the Grappler (Gnoll Shapeshifter)      Turns: 6119, Time: 00:18:52

Health: -5/76      AC: 18    Str: 18    XL:     10   Next: 8%
Magic:  17/17      EV: 13    Int: 14    God:    Gozag
Gold:   455        SH:  0    Dex: 11    Spells: 16/19 levels left

rFire   + . .        z - +10 glaive of Xefint {protect, Int+4}
rCold   . . .        (shield currently unavailable)
rNeg    . . .        D - +1 ring mail {rF+}
rPois   .            J - melded +1 helmet
rElec   .            (cloak currently unavailable)
rCorr   .            (gloves currently unavailable)
SInv    .            (boots currently unavailable)
Will    .....        s - amulet of regeneration
Stlth   ++           o - +4 ring of protection
HPRegen 1.12/turn    M - ring of flight
MPRegen 0.15/turn

%: no passive effects
@: beast-form, under a protective aura, flying
A: beast (slay +4), fangs 1, strong nose, distributed training
a: Begin Untransformation, Renounce Religion, Potion Petition, Call Merchant,
Bribe Branch


You were on level 8 of the Dungeon.
You worshipped Gozag.
Gozag was aware of your devotion.
You were a hulking beast.
You visited 2 branches of the dungeon, and saw 9 of its levels.

You collected 654 gold pieces.
You spent 104 gold pieces at shops.
You paid 95 gold pieces to Gozag.

Inventory:

Hand Weapons
 z - the +10 glaive of Xefint (weapon) {protect, Int+4}
   (You found it on level 4 of the Dungeon)

   Int+4:     It affects your intelligence (+4).
Missiles
 x - 11 boomerangs (quivered)
Armour
 a - a +0 animal skin
 h - a +0 chain mail
 k - the +2 robe of the Endless Expanse {rF+}
   (You found it on level 5 of the Dungeon)

   rF+:       It protects you from fire.
 l - +0 acid dragon scales
 D - a +1 ring mail of fire resistance (worn)
 G - a +0 robe of resistance
 J - a +1 helmet (melded)
 L - the +2 ring mail of Weightlessness {-Tele rC+ rN+ Str+2}
   (You found it on level 8 of the Dungeon)

   Str+2:     It affects your strength (+2).
   rC+:       It protects you from cold.
   rN+:       It protects you from negative energy.
   -Tele:     It prevents most forms of teleportation.
Magical Staves
 n - a staff of death
Jewellery
 o - a +4 ring of protection (left hand)
 s - an amulet of regeneration (around neck)
 M - a ring of flight (right hand)
Talismans
 c - a beast talisman (active)
 d - a flux talisman
Wands
 w - a wand of digging (5)
 y - a wand of flame (20)
 E - a wand of charming (10)
Scrolls
 e - 2 scrolls of blinking
 i - 2 scrolls of teleportation
 j - a scroll of enchant weapon
 p - 2 scrolls of revelation {unknown}
 q - a scroll of fear
 B - a scroll of silence
 C - a scroll of brand weapon {unknown}
 H - a scroll of noise {unknown}
 I - a scroll of enchant armour {unknown}
 K - a scroll of fog {unknown}
Potions
 b - a potion of lignification
 f - a potion of berserk rage {unknown}
 g - a potion of enlightenment {unknown}
 m - a potion of experience {unknown}
 r - 3 potions of resistance {unknown}
 t - 5 potions of curing
 u - 2 potions of heal wounds
 v - a potion of magic {unknown}
 A - a potion of might {unknown}
 F - a potion of mutation {unknown}


   Skills:
 + Level 5.8 Fighting
 + Level 5.1 Short Blades
 + Level 5.1 Long Blades
 + Level 5.1 Axes
 + Level 5.1 Maces & Flails
 + Level 5.1 Polearms
 + Level 5.1 Staves
 + Level 5.1 Ranged Weapons
 + Level 5.1 Throwing
 + Level 5.1 Armour
 + Level 6.9 Dodging
 + Level 5.1 Stealth
 + Level 5.1 Shields
 + Level 8.4 Unarmed Combat
 + Level 5.1 Spellcasting
 + Level 4.2 Conjurations
 + Level 4.2 Hexes
 + Level 4.2 Summonings
 + Level 4.2 Necromancy
 + Level 4.2 Translocations
 + Level 4.2 Fire Magic
 + Level 4.2 Ice Magic
 + Level 4.2 Air Magic
 + Level 4.2 Earth Magic
 + Level 4.2 Alchemy
 + Level 5.6 Invocations
 + Level 5.1 Evocations
 + Level 8.1 Shapeshifting


You had 16 spell levels left.
You knew the following spells:

 Your Spells              Type           Power      Damage    Failure   Level
a - Fugue of the Fallen   Necr           15%        N/A       16%         3

Your spell library contained the following spells:

 Spells                   Type           Power      Damage    Failure   Level
 Ozocubu's Armour         Ice            15%        N/A       16%         3
 Manifold Assault         Tloc           15%        N/A       45%         4


Dungeon Overview and Level Annotations

Branches:
Dungeon (8/15)             Temple (1/1) D:6
   Lair: D:8-11

Altars:
Ashenzari
Dithmenos
Elyvilon
Fedhas
Gozag
Hepliaklqana
Kikubaaqudgha
Makhleb
Nemelex Xobeh
Qazlal
Ru
Sif Muna
Trog
Uskayaw
Vehumet
Wu Jian
Xom
Zin
The Shining One

Shops:
D:1 !

Annotations:
D:6 1 runed translucent door, Crazy Yiuf
D:7 2 transporters, exclusions: ice statue and 2 oklob plants, superradish's ghost, novice OpSh


Innate Abilities, Weirdness & Mutations

You are a hulking beast.
Your limbs bulge with bestial killing power. (Slay +4)
You have very sharp teeth.
Your uncanny sense of smell can sniff out nearby items.
Your experience applies equally to all skills.


Message History

The manticore is heavily wounded.
The manticore misses you.
The manticore claws you but does no damage.
The manticore claws you!
You barely miss the manticore.
The manticore is heavily wounded.
The manticore bites you!
* * * LOW HITPOINT WARNING * * *
The manticore claws you but does no damage.
The manticore barely misses you.
The manticore bites you but does no damage.
The manticore barely misses you. x2
You slash the manticore!
The manticore is severely wounded.
You carefully extract the barbed spikes from your body.
The manticore misses you.
The manticore claws you but does no damage. x2
You slash the manticore!
The manticore is almost dead.
The manticore bites you!
* * * LOW HITPOINT WARNING * * *
The manticore claws you.
* * * LOW HITPOINT WARNING * * *
The manticore barely misses you.
You slash the manticore!
The manticore is almost dead.
The manticore closely misses you.
The manticore claws you but does no damage.
The manticore closely misses you.
The manticore bites you but does no damage.
The manticore claws you.
* * * LOW HITPOINT WARNING * * *
The manticore claws you but does no damage.
You barely miss the manticore.
The manticore is almost dead.
The manticore bites you!
* * * LOW HITPOINT WARNING * * *
The manticore closely misses you. The manticore claws you!
You die...
Your body crumbles into a pile of gold.

##'#.......# #..........#
......) #..........# .......
#..........# .......
#..........# .......
#.........## ....... #....####.#
..... #....# #.####H.# #........
###..## #.#..h.# #...)....
##.....###...#### #........
##..##...##.### #........
#....##..##'########## #........
#..._.#....>.......... +........
#....##.......##########........
##..##........# ...........
###...........# .....^.....
#.###.........# ...........


You could see a manticore.

Vanquished Creatures
  Maggie (D:7)
  Sigmund (D:6)
  A steam dragon (D:8)
  Grum (D:8)
  3 ice beasts
  4 ogres
  3 wolves (D:8)
  Blork the orc (D:6)
  4 bullfrogs
  4 scorpions
  12 wights
  2 howler monkeys
  2 electric eels (D:7)
  A jelly (D:6)
  4 orc priests (D:7)
  3 iguanas
  3 sleepcaps
  Jessica (D:3)
  2 orc wizards
  9 adders
  3 white imps
  2 ribbon worms
  3 dart slugs
  27 orcs
  5 endoplasms
  5 giant cockroaches
  10 hobgoblins
  5 jackals
  3 kobolds
  6 quokkas
  3 ball pythons
  6 bats
  2 frilled lizards
  6 goblins
  8 rats
156 creatures vanquished.

Notes
Turn   | Place    | Note
-------+----------+-------------------------------------------
     0 | D:1      | monsoonserge the Gnoll Shapeshifter began the quest for the
                  | Orb.
     0 | D:1      | Reached XP level 1. HP: 17/17 MP: 1/1
    65 | D:1      | Found a faded altar of an unknown god.
   170 | D:1      | Reached XP level 2. HP: 23/23 MP: 2/2
   328 | D:1      | Found Ineochem's Distillery.
   744 | D:2      | Reached XP level 3. HP: 13/28 MP: 3/3
   824 | D:2      | Reached skill level 1 in Invocations
   872 | D:2      | Reached skill level 1 in Short Blades
   872 | D:2      | Reached skill level 1 in Long Blades
   872 | D:2      | Reached skill level 1 in Axes
   872 | D:2      | Reached skill level 1 in Maces & Flails
   872 | D:2      | Reached skill level 1 in Polearms
   872 | D:2      | Reached skill level 1 in Staves
   872 | D:2      | Reached skill level 1 in Ranged Weapons
   872 | D:2      | Reached skill level 1 in Throwing
   872 | D:2      | Reached skill level 1 in Armour
   872 | D:2      | Reached skill level 1 in Stealth
   872 | D:2      | Reached skill level 1 in Shields
   872 | D:2      | Reached skill level 1 in Spellcasting
   872 | D:2      | Reached skill level 1 in Evocations
  1217 | D:2      | Reached XP level 4. HP: 31/33 MP: 5/5
  1355 | D:3      | Noticed a bullfrog
  1365 | D:3      | Killed a bullfrog
  1366 | D:3      | Reached skill level 1 in Conjurations
  1366 | D:3      | Reached skill level 1 in Hexes
  1366 | D:3      | Reached skill level 1 in Summonings
  1366 | D:3      | Reached skill level 1 in Necromancy
  1366 | D:3      | Reached skill level 1 in Translocations
  1366 | D:3      | Reached skill level 1 in Fire Magic
  1366 | D:3      | Reached skill level 1 in Ice Magic
  1366 | D:3      | Reached skill level 1 in Air Magic
  1366 | D:3      | Reached skill level 1 in Earth Magic
  1366 | D:3      | Reached skill level 1 in Alchemy
  1366 | D:3      | Reached XP level 5. HP: 37/40 MP: 5/7
  2010 | D:3      | Found a broken altar of Ashenzari.
  2190 | D:3      | Noticed Jessica
  2201 | D:3      | Killed Jessica
  2393 | D:1      | Bought a potion of curing for 39 gold pieces
  2393 | D:1      | Bought a potion of heal wounds for 65 gold pieces
  2574 | D:4      | Reached XP level 6. HP: 45/47 MP: 8/8
  2625 | D:4      | Found a stormy altar of Qazlal.
  2911 | D:4      | Found a glowing silver altar of Zin.
  2942 | D:4      | Reached skill level 5 in Dodging
  3018 | D:4      | Identified the +10 glaive of Xefint {protect, Int+4}
  3383 | D:4      | Reached XP level 7. HP: 52/52 MP: 10/10
  3511 | D:5      | Entered Level 5 of the Dungeon
  3583 | D:5      | Identified the +7 dagger of Brawling {speed, rC+}
  3758 | D:5      | Identified the +2 robe of the Endless Expanse {rF+}
  3837 | D:5      | Found a white marble altar of Elyvilon.
  3986 | D:5      | Reached XP level 8. HP: 60/60 MP: 12/12
  4200 | D:6      | Found a runed translucent door.
  4201 | D:6      | Noticed Crazy Yiuf
  4227 | D:6      | Noticed Blork the orc
  4234 | D:6      | Killed Blork the orc
  4313 | D:6      | Found a staircase to the Ecumenical Temple.
  4322 | Temple   | Entered the Ecumenical Temple
  4397 | D:6      | Noticed Sigmund
  4402 | D:6      | Killed Sigmund
  4421 | D:6      | Identified the +8 sling "Zagg" {antimagic, *Slow Will++
                  | Dex+6}
  4903 | Temple   | Became a worshipper of Gozag Ym Sagoz the Greedy
  5065 | D:7      | Noticed an oklob plant
  5066 | D:7      | Noticed superradish's ghost (novice OpSh)
  5068 | D:7      | Noticed an ice statue
  5079 | D:7      | Noticed a cyclops
  5091 | D:7      | Noticed a cyclops
  5101 | D:7      | Reached XP level 9. HP: 29/66 MP: 14/14
  5139 | D:7      | Noticed Maggie
  5144 | D:8      | Found a burning altar of Makhleb.
  5157 | D:8      | Identified the +2 ring mail of Weightlessness {-Tele rC+
                  | rN+ Str+2}
  5196 | D:8      | Noticed Grum
  5207 | D:8      | Reached skill level 5 in Fighting
  5212 | D:8      | Killed Grum
  5305 | D:8      | Reached skill level 5 in Invocations
  5397 | D:7      | Found a shimmering altar of Xom.
  5471 | D:7      | Found a shimmering blue altar of Sif Muna.
  5641 | D:7      | Killed Maggie
  5642 | D:7      | Reached skill level 5 in Short Blades
  5642 | D:7      | Reached skill level 5 in Long Blades
  5642 | D:7      | Reached skill level 5 in Axes
  5642 | D:7      | Reached skill level 5 in Maces & Flails
  5642 | D:7      | Reached skill level 5 in Polearms
  5642 | D:7      | Reached skill level 5 in Staves
  5642 | D:7      | Reached skill level 5 in Ranged Weapons
  5642 | D:7      | Reached skill level 5 in Throwing
  5642 | D:7      | Reached skill level 5 in Armour
  5642 | D:7      | Reached skill level 5 in Stealth
  5642 | D:7      | Reached skill level 5 in Shields
  5642 | D:7      | Reached skill level 5 in Spellcasting
  5642 | D:7      | Reached skill level 5 in Evocations
  5642 | D:7      | Reached XP level 10. HP: 58/76 MP: 17/17
  5670 | D:7      | Learned a level 3 spell: Fugue of the Fallen
  5854 | D:7      | Found a transporter.
  5858 | D:7      | Noticed an oklob plant
  5865 | D:7      | Found a transporter.
  6067 | D:8      | Found a shadowy altar of Dithmenos.
  6104 | D:8      | Noticed a manticore
  6119 | D:8      | HP: 3/76 [manticore (9)]
  6119 | D:8      | Slain by a manticore

Illustrated notes

Levels and vault maps discovered:
D:1:      evilmike_arrival_plus, layout_basic, basic_ecumenical_altar,
          serial_shops, shop
D:2:      layout_basic, minmay_misc_feat_x, grunt_ministairs_15
D:3:      layout_basic, general_overflow_altar, minmay_close_crescents,
          uniq_jessica
D:4:      layout_basic, mainiacjoe_overflow_paths, overflow_temple_1_default
D:5:      layout_rooms, mainiacjoe_overflow_brackets
D:6:      layout_rooms, lemuel_temple_firewalk_a, uniq_crazy_yiuf_cottage,
          uniq_sigmund, uniq_blork_the_orc
D:7:      layout_basic, mainiacjoe_overflow_large_starburst, nzn_ghost_randoct,
          serial_bayou_lagoon_a, uniq_maggie
D:8:      layout_basic, lemuel_crystal_altar, mainiacjoe_overflow_catwalk,
          nicolae_dithmenos_through_a_glass_darkly, uniq_joseph, uniq_grum
Temple:   nicolae_temple_ecumenical_triangle

Skill      XL: |  1  2  3  4  5  6  7  8  9 |
---------------+----------------------------+-----
Invocations    | 1 2 3 4 5 |  5.6
Short Blades   | 1 2 3 5 |  5.1
Long Blades    | 1 2 3 5 |  5.1
Axes           | 1 2 3 5 |  5.1
Maces & Flails | 1 2 3 5 |  5.1
Polearms       | 1 2 3 5 |  5.1
Staves         | 1 2 3 5 |  5.1
Ranged Weapons | 1 2 3 5 |  5.1
Throwing       | 1 2 3 5 |  5.1
Armour         | 1 2 3 5 |  5.1
Stealth        | 1 2 3 5 |  5.1
Shields        | 1 2 3 5 |  5.1
Spellcasting   | 1 2 3 5 |  5.1
Evocations     | 1 2 3 5 |  5.1
Conjurations   | 1 2 3 4 |  4.2
Hexes          | 1 2 3 4 |  4.2
Summonings     | 1 2 3 4 |  4.2
Necromancy     | 1 2 3 4 |  4.2
Translocations | 1 2 3 4 |  4.2
Fire Magic     | 1 2 3 4 |  4.2
Ice Magic      | 1 2 3 4 |  4.2
Air Magic      | 1 2 3 4 |  4.2
Earth Magic    | 1 2 3 4 |  4.2
Alchemy        | 1 2 3 4 |  4.2
Fighting       | 3 4 5 |  5.8
Dodging        | 5 6 |  6.9
Unarmed Combat | 7 8 |  8.4
Shapeshifting  | 7 8 |  8.1

Action                     |  1- 3 |  4- 6 |  7- 9 | 10-12 || total
---------------------------+-------+-------+-------+-------++-------
  Melee: Unarmed           |    73 |   123 |       |       ||   196
         Bite              |     6 |    19 |    11 |     3 ||    39
         Glaive            |       |    16 |   176 |    27 ||   219
  Throw: Boomerang         |       |       |    11 |     3 ||    14
    Use: Potion            |       |       |     1 |       ||     1
         Scroll            |       |       |     4 |     1 ||     5
   Stab: Sleeping          |     1 |     1 |     2 |     1 ||     5
         Distracted        |       |       |     1 |       ||     1
 Armour: Animal skin       |     5 |       |       |       ||     5
         Skin              |    19 |    31 |    43 |       ||    93
         Ring mail         |     1 |    13 |   112 |    28 ||   154
  Dodge: Dodged            |    56 |   104 |   109 |    21 ||   290
   Form: Flux              |     1 |       |     1 |       ||     2
         Beast             |       |     1 |     1 |       ||     2
